General information
- name: BNet
- type: Ladder team game (AT/RT)
- host: Battle.net
- saver: PIESOFTHESOUTH
map: GolemsInTheMist
- players: 8
- length: 53:44
- speed: Fast
- version: 1.26 W3XP
- replay type: Public
» download(208 KB)
Players
team 1 (winner)

»
batskcab (
blue | 18 APM | 946 actions | 53:42)
2 Archmage
1 Summon Water Elemental
1 Brilliance Aura
» actions
| Assign group hotkey | 15 | |
| Basic commands | 31 | |
| Build / train | 26 | |
| Enter build submenu | 12 | |
| Enter hero's abilities submenu | 2 | |
| Give item / drop item | 1 | |
| Right click | 380 | |
| Select / deselect | 225 | |
| Select group hotkey | 105 | |
| Use ability | 149 | |
946 total
» units
| Peasant | 9 | |
| Rifleman | 6 | |
| Footman | 2 | |
17 total
» upgrades
» buildings
| Altar of Kings | 1 | |
| Farm | 5 | |
| Blacksmith | 1 | |
| Barracks | 2 | |
| Scout Tower | 1 | |
| Arcane Vault | 1 | |
| Arcane Tower | 1 | |
| Keep | 1 | |
| Lumber Mill | 1 | |
14 total
» build order
00:08 Altar of Kings
00:20 Farm
00:37 Blacksmith
00:59 Farm
01:47 Barracks
01:53 Farm
02:22 Barracks
03:34 Scout Tower
03:54 Arcane Vault
04:05 Arcane Tower
04:18 Farm
04:31 Farm
05:55 Keep
06:38 Lumber Mill
» items
| Scroll of Regeneration | 1 | |
| Lesser Clarity Potion | 1 | |
2 total

»
PIESOFTHESOUTH (
orange | 24 APM | 1286 actions | 53:44)
2 Blademaster
1 Wind Walk
1 Critical Strike
» actions
| Assign group hotkey | 2 | |
| Basic commands | 96 | |
| Build / train | 32 | |
| Enter build submenu | 65 | |
| Enter hero's abilities submenu | 2 | |
| Right click | 705 | |
| Select / deselect | 246 | |
| Select group hotkey | 1 | |
| Use ability | 137 | |
1286 total
» units
| Peon | 16 | |
| Goblin Shredder | 4 | |
| Goblin Zeppelin | 6 | |
26 total
» upgrades
» buildings
| War Mill | 1 | |
| Orc Burrow | 3 | |
| Altar of Storms | 1 | |
| Watch Tower | 68 | |
| Stronghold | 1 | |
| Great Hall | 2 | |
| Fortress | 1 | |
| Barracks | 1 | |
78 total
» build order
00:13 War Mill
00:38 Orc Burrow
00:47 Altar of Storms
02:48 Watch Tower
02:49 Watch Tower
02:52 Watch Tower
02:55 Watch Tower
02:56 Watch Tower
03:11 Orc Burrow
03:57 Watch Tower
04:28 Watch Tower
04:34 Watch Tower
04:48 Watch Tower
06:01 Watch Tower
06:03 Watch Tower
06:04 Watch Tower
07:09 Watch Tower
07:09 Watch Tower
07:10 Watch Tower
07:38 Watch Tower
07:38 Watch Tower
07:39 Watch Tower
07:41 Watch Tower
07:44 Watch Tower
07:45 Watch Tower
07:46 Watch Tower
07:47 Watch Tower
08:17 Watch Tower
08:22 Watch Tower
09:24 Watch Tower
09:27 Watch Tower
10:49 Watch Tower
10:49 Watch Tower
10:50 Watch Tower
11:54 Watch Tower
11:56 Watch Tower
11:58 Watch Tower
13:04 Watch Tower
13:06 Watch Tower
13:07 Watch Tower
14:15 Watch Tower
14:17 Watch Tower
14:18 Watch Tower
14:21 Stronghold
14:49 Great Hall
15:23 Watch Tower
15:24 Watch Tower
15:25 Watch Tower
15:37 Watch Tower
15:38 Watch Tower
15:39 Watch Tower
15:39 Watch Tower
15:40 Watch Tower
16:12 Watch Tower
16:12 Watch Tower
16:14 Watch Tower
16:15 Watch Tower
16:17 Watch Tower
16:18 Watch Tower
16:18 Watch Tower
16:19 Watch Tower
16:47 Fortress
17:23 Watch Tower
17:24 Watch Tower
17:25 Watch Tower
17:25 Watch Tower
17:26 Watch Tower
17:27 Watch Tower
17:38 Watch Tower
17:51 Watch Tower
17:53 Watch Tower
17:54 Watch Tower
17:59 Watch Tower
18:00 Watch Tower
18:01 Watch Tower
18:36 Great Hall
21:31 Barracks
21:38 Orc Burrow
Out_of_practice (
teal | 36 APM | 634 actions | 17:50)
2 Blademaster
1 Wind Walk
1 Critical Strike
» actions
| Assign group hotkey | 29 | |
| Build / train | 38 | |
| Enter build submenu | 13 | |
| Enter hero's abilities submenu | 2 | |
| Right click | 335 | |
| Select / deselect | 151 | |
| Select group hotkey | 24 | |
| Use ability | 42 | |
634 total
» units
| Peon | 11 | |
| Troll Headhunter/Berserker | 10 | |
| Shaman | 3 | |
24 total
» upgrades
| Ranged Weapons | 1 | |
| Troll Regeneration | 1 | |
| Shaman Training | 2 | |
| Armor | 1 | |
| Berserker Upgrade | 1 | |
6 total
» buildings
| Altar of Storms | 1 | |
| Orc Burrow | 5 | |
| War Mill | 2 | |
| Barracks | 2 | |
| Voodoo Lounge | 1 | |
| Stronghold | 1 | |
| Watch Tower | 1 | |
| Fortress | 1 | |
| Spirit Lodge | 1 | |
15 total
» build order
00:09 Altar of Storms
00:11 Orc Burrow
00:35 War Mill
01:21 Barracks
02:00 Orc Burrow
02:36 Barracks
02:47 Voodoo Lounge
03:25 Orc Burrow
04:24 Stronghold
05:32 Watch Tower
06:05 Orc Burrow
06:50 Fortress
07:15 Spirit Lodge
07:38 War Mill
07:53 Orc Burrow
» items
| Healing Salve | 2 | |
| Potion of Healing | 1 | |
3 total
sammy12345 (
green | 18 APM | 392 actions | 21:28)
3 Death Knight
2 Unholy Aura
1 Death Coil
» actions
| Basic commands | 6 | |
| Build / train | 20 | |
| Enter build submenu | 17 | |
| Enter hero's abilities submenu | 3 | |
| Right click | 173 | |
| Select / deselect | 150 | |
| Use ability | 23 | |
392 total
» units
| Acolyte | 3 | |
| Ghoul | 4 | |
| Frost Wyrm | 2 | |
9 total
» upgrades
» buildings
| Altar of Darkness | 1 | |
| Ziggurat | 10 | |
| Crypt | 1 | |
| Graveyard | 1 | |
| Nerubian Tower | 1 | |
| Halls of the Dead | 1 | |
| Black Citadel | 1 | |
| Sacrificial Pit | 1 | |
| Boneyard | 2 | |
| Spirit Tower | 2 | |
21 total
» build order
00:17 Altar of Darkness
00:22 Ziggurat
00:40 Crypt
01:06 Graveyard
01:33 Ziggurat
01:35 Nerubian Tower
02:35 Ziggurat
03:52 Halls of the Dead
03:58 Ziggurat
04:01 Ziggurat
04:03 Ziggurat
04:09 Ziggurat
05:40 Ziggurat
05:42 Ziggurat
07:09 Black Citadel
07:16 Sacrificial Pit
09:32 Boneyard
09:37 Boneyard
11:26 Spirit Tower
12:52 Ziggurat
15:30 Spirit Tower
» items
team 2 (loser)

»
Thunder_cat (
pink | 45 APM | 2405 actions | 53:42)
4 Death Knight
2 Death Coil
2 Unholy Aura
2 Lich
1 Frost Nova
1 Dark Ritual
2 Crypt Lord
1 Impale
1 Carrion Beetles
» actions
| Assign group hotkey | 30 | |
| Basic commands | 10 | |
| Build / train | 89 | |
| Enter build submenu | 33 | |
| Enter hero's abilities submenu | 8 | |
| Give item / drop item | 5 | |
| Remove unit from queue | 8 | |
| Right click | 1073 | |
| Select / deselect | 373 | |
| Select group hotkey | 702 | |
| Use ability | 74 | |
2405 total
» units
| Acolyte | 9 | |
| Ghoul | 2 | |
| Crypt Fiend | 4 | |
| Goblin Shredder | 1 | |
| Goblin Zeppelin | 2 | |
| Frost Wyrm | 7 | |
| Obsidian Statue | 2 | |
| Kodo Beast | 1 | |
| Wind Rider | 6 | |
34 total
» upgrades
| Freezing Breath | 1 | |
| Creature Attack | 3 | |
| Creature Carapace | 3 | |
| Web | 1 | |
| Destroyer Form | 1 | |
| Backpack | 1 | |
| Envenomed Spears | 1 | |
| Ranged Weapons | 3 | |
| Spiked Barricades | 2 | |
16 total
» buildings
| Ziggurat | 8 | |
| Altar of Darkness | 1 | |
| Crypt | 1 | |
| Graveyard | 1 | |
| Tomb of Relics | 1 | |
| Spirit Tower | 4 | |
| Halls of the Dead | 2 | |
| Black Citadel | 3 | |
| Sacrificial Pit | 1 | |
| Slaughterhouse | 1 | |
| Necropolis | 1 | |
| Boneyard | 2 | |
| Orc Burrow | 4 | |
30 total
» build order
00:13 Ziggurat
00:16 Altar of Darkness
00:34 Crypt
01:02 Graveyard
01:28 Tomb of Relics
01:47 Ziggurat
02:55 Spirit Tower
03:42 Ziggurat
04:40 Halls of the Dead
04:41 Halls of the Dead
06:05 Ziggurat
06:07 Ziggurat
06:15 Spirit Tower
07:01 Black Citadel
07:02 Black Citadel
07:02 Black Citadel
08:53 Sacrificial Pit
08:59 Slaughterhouse
09:11 Necropolis
10:31 Boneyard
10:42 Boneyard
11:39 Ziggurat
11:41 Ziggurat
11:45 Ziggurat
13:07 Spirit Tower
14:08 Spirit Tower
27:59 Orc Burrow
28:00 Orc Burrow
34:37 Orc Burrow
34:38 Orc Burrow
» items
| Rod of Necromancy | 1 | |
| Orb of Lightning | 1 | |
| Scroll of Speed | 1 | |
| Potion of Healing | 1 | |
| Orb of Corruption | 1 | |
5 total

»
Mr.Volcano (
red | 49 APM | 1084 actions | 21:55)
4 Far Seer
2 Feral Spirit
2 Chain Lighting
3 Tauren Chieftain
2 Shockwave
1 Endurance Aura
2 Shadow Hunter
1 Healing Wave
1 Hex
» actions
| Assign group hotkey | 37 | |
| Basic commands | 47 | |
| Build / train | 57 | |
| ESC pressed | 1 | |
| Enter build submenu | 12 | |
| Enter hero's abilities submenu | 10 | |
| Give item / drop item | 2 | |
| Right click | 376 | |
| Select / deselect | 264 | |
| Select group hotkey | 223 | |
| Use ability | 54 | |
1084 total
» units
» upgrades
| Armor | 3 | |
| Ranged Weapons | 1 | |
| Melee Weapons | 3 | |
| Pillage | 1 | |
| Ensnare | 1 | |
| Reinforced Defenses | 1 | |
10 total
» buildings
| Altar of Storms | 1 | |
| Barracks | 1 | |
| Orc Burrow | 4 | |
| Voodoo Lounge | 1 | |
| War Mill | 1 | |
| Stronghold | 1 | |
| Beastiary | 2 | |
| Fortress | 1 | |
| Great Hall | 1 | |
13 total
» build order
00:12 Altar of Storms
00:17 Barracks
00:22 Orc Burrow
02:13 Orc Burrow
02:22 Voodoo Lounge
02:37 War Mill
03:48 Stronghold
04:41 Orc Burrow
06:30 Beastiary
06:39 Beastiary
09:02 Fortress
10:11 Orc Burrow
18:13 Great Hall
» items
| Healing Salve | 3 | |
| Potion of Healing | 4 | |
| Orb of Lightning | 1 | |
| Potion of Mana | 1 | |
| Lesser Clarity Potion | 1 | |
10 total
snooop (
yellow | 42 APM | 2270 actions | 53:42)
5 Blademaster
3 Wind Walk
2 Critical Strike
4 Shadow Hunter
2 Healing Wave
2 Hex
3 Tauren Chieftain
2 Endurance Aura
1 War Stomp
» actions
| Assign group hotkey | 27 | |
| Basic commands | 16 | |
| Build / train | 105 | |
| Enter build submenu | 26 | |
| Enter hero's abilities submenu | 12 | |
| Give item / drop item | 8 | |
| Remove unit from queue | 5 | |
| Right click | 1179 | |
| Select / deselect | 426 | |
| Select group hotkey | 146 | |
| Use ability | 320 | |
2270 total
» units
| Peon | 29 | |
| Grunt | 3 | |
| Troll Headhunter/Berserker | 2 | |
| Goblin Shredder | 2 | |
| Goblin Zeppelin | 1 | |
| Shaman | 4 | |
| Tauren | 6 | |
| Demolisher | 4 | |
| Goblin Sapper | 7 | |
| Wind Rider | 1 | |
59 total
» upgrades
| Shaman Training | 2 | |
| Melee Weapons | 3 | |
| Pulverize | 1 | |
| Burning Oil | 1 | |
| Ranged Weapons | 1 | |
8 total
» buildings
| Altar of Storms | 1 | |
| Orc Burrow | 8 | |
| Barracks | 2 | |
| War Mill | 1 | |
| Stronghold | 3 | |
| Voodoo Lounge | 1 | |
| Spirit Lodge | 1 | |
| Fortress | 1 | |
| Great Hall | 6 | |
| Tauren Totem | 3 | |
| Beastiary | 1 | |
28 total
» build order
00:19 Altar of Storms
00:34 Orc Burrow
00:58 Barracks
01:28 Orc Burrow
01:37 War Mill
02:51 Stronghold
02:51 Stronghold
03:32 Orc Burrow
04:53 Voodoo Lounge
05:36 Spirit Lodge
05:37 Fortress
07:35 Fortress
09:32 Great Hall
09:51 Orc Burrow
10:42 Tauren Totem
10:45 Tauren Totem
11:49 Tauren Totem
14:16 Orc Burrow
14:18 Orc Burrow
16:40 Orc Burrow
17:41 Barracks
18:12 Orc Burrow
28:37 Beastiary
30:59 Great Hall
31:05 Great Hall
34:15 Great Hall
38:08 Great Hall
44:41 Great Hall
» items
| Potion of Mana | 10 | |
| Orb of Lightning | 1 | |
11 total

»
cronos (
purple | 18 APM | 941 actions | 53:42)
4 Tauren Chieftain
2 Shockwave
2 Endurance Aura
2 Shadow Hunter
1 Hex
1 Healing Wave
» actions
| Build / train | 73 | |
| Enter build submenu | 21 | |
| Enter hero's abilities submenu | 6 | |
| Give item / drop item | 2 | |
| Right click | 512 | |
| Select / deselect | 266 | |
| Use ability | 61 | |
941 total
» units
| Peon | 18 | |
| Grunt | 8 | |
| Kodo Beast | 2 | |
| Tauren | 4 | |
| Spirit Walker | 2 | |
| Shaman | 3 | |
37 total
» upgrades
| Pillage | 1 | |
| Spiked Barricades | 2 | |
| Armor | 3 | |
| Melee Weapons | 3 | |
| Spirit Walker Training | 2 | |
| Shaman Training | 2 | |
| War Drums Damage Increase | 1 | |
| Pulverize | 1 | |
| Reinforced Defenses | 1 | |
16 total
» buildings
| Orc Burrow | 8 | |
| Altar of Storms | 1 | |
| Barracks | 1 | |
| Voodoo Lounge | 1 | |
| War Mill | 1 | |
| Stronghold | 1 | |
| Great Hall | 1 | |
| Fortress | 1 | |
| Spirit Lodge | 3 | |
| Beastiary | 1 | |
| Tauren Totem | 2 | |
21 total
» build order
01:15 Orc Burrow
01:33 Altar of Storms
01:52 Barracks
02:10 Orc Burrow
02:25 Voodoo Lounge
02:51 War Mill
03:27 Orc Burrow
05:31 Stronghold
06:48 Great Hall
06:59 Orc Burrow
08:09 Orc Burrow
09:29 Orc Burrow
11:37 Fortress
12:36 Spirit Lodge
12:40 Spirit Lodge
12:48 Spirit Lodge
12:57 Beastiary
14:14 Tauren Totem
14:20 Tauren Totem
16:35 Orc Burrow
17:58 Orc Burrow
» items
| Lesser Clarity Potion | 4 | |
| Healing Salve | 3 | |
| Scroll of Speed | 2 | |
| Scroll of Town Portal | 1 | |
10 total
Chat log
(05:07 / Allies) batskcab: rofl
(05:09 / Allies) batskcab: fuck u
(05:16 / Allies) PIESOFTHESOUTH: i need more lumber
(08:00 / All) PIESOFTHESOUTH: thats what happens when you find a stranger in the alps blue
(08:09 / All) Mr.Volcano: ? lol
(08:13 / Allies) batskcab: you're a fucking noob
(08:19 / Allies) batskcab: u needmore wood?
(08:23 / All) PIESOFTHESOUTH: yes
(08:24 / Allies) batskcab: stop towering idiot
(08:27 / All) PIESOFTHESOUTH: i need more lumber
(09:05 / Allies) batskcab: k
(09:09 / Allies) batskcab: gl with this nub
(09:15 / Allies) Out_of_practice: ?
(09:19 / All) PIESOFTHESOUTH: owned blue
(09:32 / Allies) batskcab: lol
(09:43 / Allies) batskcab: 1v1 anyday trash
(09:50 / Allies) PIESOFTHESOUTH: sure after this game
(09:54 / Allies) Out_of_practice: blue take this potion
(09:59 / All) Mr.Volcano: the Hell
(10:01 / All) Mr.Volcano: is he dooing
(10:13 / All) PIESOFTHESOUTH: getting his rifles killed by me
(10:18 / All) Mr.Volcano: oh why
(10:20 / All) PIESOFTHESOUTH: because he cant finish what he starts
(10:24 / All) Mr.Volcano: lol
(10:25 / Allies) batskcab: rofl
(10:54 / All) PIESOFTHESOUTH: he wants to 1v1 now
(10:57 / All) PIESOFTHESOUTH: can anyone host
(11:09 / All) Mr.Volcano: I haven't been able to since the summer started :(
(11:17 / All) PIESOFTHESOUTH: ;-;
(11:32 / All) Mr.Volcano: sry
(11:37 / All) Mr.Volcano: Been meaning to fix it
(11:42 / All) Mr.Volcano: But couldn't figure it out for the life of me
(11:48 / All) PIESOFTHESOUTH: portforward.com
(11:55 / All) Mr.Volcano: Yeah i know
(12:00 / All) Mr.Volcano: And i've had it setup correctly
(12:05 / All) Mr.Volcano: For the passed few years
(12:14 / All) Mr.Volcano: and everytime it messed up usually just meant changing the ip number
(12:18 / All) PIESOFTHESOUTH: oh
(12:21 / All) PIESOFTHESOUTH: weird
(12:25 / All) Mr.Volcano: so I have no idea
(12:41 / All) PIESOFTHESOUTH: usually people who cant host just dunno how to forward ports
(12:42 / All) PIESOFTHESOUTH: lol
(12:49 / All) Mr.Volcano: Nah i know how
(12:55 / All) Mr.Volcano: otherwise I wouldn't have had it in the fisrt place
(13:01 / All) PIESOFTHESOUTH: troof
(13:23 / All) Mr.Volcano: I'll try tinkering it again when we're done here
(13:27 / All) PIESOFTHESOUTH: haha blue u ded
(13:32 / Allies) Out_of_practice: blue did oj kill your main
(13:33 / Allies) batskcab: ^^
(13:37 / Allies) Out_of_practice: i was fighting didnt see it
(13:38 / All) Mr.Volcano: dunno how many more games you wanna play
(13:38 / Allies) batskcab: no i did
(13:43 / Allies) Out_of_practice: o ok
(13:45 / All) PIESOFTHESOUTH: o
(13:57 / All) Mr.Volcano: 0?
(14:06 / All) PIESOFTHESOUTH: i was saying
(14:07 / All) PIESOFTHESOUTH: o
(14:10 / All) PIESOFTHESOUTH: the letter o
(14:12 / All) Mr.Volcano: oh
(14:19 / All) Mr.Volcano: lol
(14:21 / Allies) Out_of_practice: green gold workers
(14:51 / All) Mr.Volcano: Why did he build two mills so close to eachotheR?
(14:57 / Allies) sammy12345: we lose
(15:08 / All) snooop: cuz hes not a noob
(15:10 / Allies) Out_of_practice: the far 1 was supossed to be my acuall item shop but i goofed
(15:31 / All) PIESOFTHESOUTH: one was supposed to be an item shop
(15:34 / All) PIESOFTHESOUTH: but he fucked up
(15:42 / All) Mr.Volcano: oh
(15:45 / All) Mr.Volcano: oh boy
(15:46 / All) Mr.Volcano: Towers
(15:46 / All) Mr.Volcano: LOL
(15:48 / All) Out_of_practice: it dosent matter though were busy fighting eathother
(15:51 / All) Mr.Volcano: Shoulda seen that coming
(16:43 / All) PIESOFTHESOUTH: hey thats my expo
(16:44 / All) PIESOFTHESOUTH: jerk
(16:49 / All) snooop: just leave this is lame
(17:08 / All) sammy12345: me
(17:11 / All) Out_of_practice: oj has like 50 towers just so u know
(17:15 / All) Mr.Volcano: Yeah
(17:16 / All) Mr.Volcano: I saw
(17:45 / All) Out_of_practice: well ill leave but chances are ull have to kill oj who will be hiding shit as long as he can
(17:57 / All) Mr.Volcano: Lol
(18:13 / All) PIESOFTHESOUTH: make a unit blue oh wait you cant
(18:14 / All) PIESOFTHESOUTH: ahahaha
(18:23 / Allies) batskcab: actually i can
(18:30 / Allies) batskcab: see
(18:43 / All) PIESOFTHESOUTH: i dont see any units
(18:43 / All) Mr.Volcano: well
(18:45 / All) Mr.Volcano: Let's attack them
(18:47 / All) Mr.Volcano: Everyone
(18:48 / All) Mr.Volcano: Now
(18:53 / Allies) batskcab: right there
(18:55 / All) snooop: i guess
(18:56 / All) Mr.Volcano: yelow
(18:57 / All) Mr.Volcano: come
(19:00 / All) Mr.Volcano: he's not fortiified
(19:00 / All) Mr.Volcano: Gogogo
(19:18 / All) PIESOFTHESOUTH: this fucker has bone dragons
(19:22 / All) PIESOFTHESOUTH: cheater
(19:28 / Allies) batskcab: bone dragons..
(19:30 / Allies) batskcab: lmao
(19:50 / All) Mr.Volcano: What
(19:56 / All) Mr.Volcano: You expected this to be a fair game?
(19:58 / All) Mr.Volcano: Lool
(20:03 / All) PIESOFTHESOUTH: yes
(20:05 / All) PIESOFTHESOUTH: :(
(20:10 / All) Mr.Volcano: Haha
(20:50 / All) Mr.Volcano: got so much money
(20:57 / All) Mr.Volcano: just by hitting a sword against a building
(20:58 / All) Mr.Volcano: Lool
(21:09 / All) PIESOFTHESOUTH: /j forum if you wanna 1v1 blusie
(21:47 / All) Mr.Volcano: K
(21:51 / All) Mr.Volcano: I'll go wait in the channel
(22:43 / All) snooop: lol sneaky
(25:13 / All) snooop: lameness
(28:31 / All) PIESOFTHESOUTH: jerk
(28:47 / All) snooop: ?
(28:58 / All) PIESOFTHESOUTH: pink killed 2 of my zeppelins
(29:15 / All) snooop: yea that'smean pink wtf
(30:16 / All) PIESOFTHESOUTH: pick a number between 1 and 4 pink
(30:58 / All) PIESOFTHESOUTH: cmon pink pick a number
(32:16 / All) PIESOFTHESOUTH: yellow pick a numver between 1 and 4
(32:44 / All) snooop: has any1 ever told u yellow that u are good at losing
(33:19 / All) PIESOFTHESOUTH: this isnt how the games supposed to work pink
(35:49 / All) PIESOFTHESOUTH: nice maphack pink
(35:51 / All) PIESOFTHESOUTH: jerk
(35:58 / All) snooop: i saw u dick
(51:53 / All) snooop: u gotta be cheating somehow..
(52:01 / All) batskcab: so what
(52:52 / All) snooop: d
(52:52 / All) snooop: d
(52:56 / All) snooop: d
(53:00 / All) batskcab: d
(53:15 / All) Thunder_cat: gg
(53:25 / All) PIESOFTHESOUTH: you guys may as well leave we are cheating thats why blue killed his main cause it doesnt matter
(53:33 / All) batskcab: :P
(53:36 / All) PIESOFTHESOUTH: pink is a fucking hacker fuck you pink
(53:40 / All) batskcab: fuuu pink